 Dungeon Crawl Stone Soup version 0.31-a0-940-gdaa99269f9 (webtiles) character file.

Game seed: 14886471945059027608

0 kae the Vexing (level 1, 0/13 HPs)
             Began as a Demonspawn Enchanter on Oct 20, 2023.
             Slain by a gnoll
             ... wielding a +0 whip
              (5 damage)
             ... on level 1 of the Dungeon.
             The game lasted 00:00:10 (107 turns).

kae the Vexing (Demonspawn Enchanter)                Turns: 107, Time: 00:00:10

Health: 0/13       AC:  2    Str:  8    XL:     1   Next: 8%
Magic:  3/3        EV: 12    Int: 16    God:
Gold:   7          SH:  0    Dex: 13    Spells: 4/4 levels left

rFire   . . .        a - +1 dagger
rCold   . . .        (no shield)
rNeg    . . .        b - +0 robe
rPois   .            (no helmet)
rElec   .            (no cloak)
rCorr   .            (no gloves)
SInv    .            (no boots)
Will    .....        (no amulet)
Stlth   ++           (no ring)
HPRegen 0.22/turn    (no ring)
MPRegen 0.08/turn

%: no passive effects
@: invisible
A: no striking features
a: no special abilities


You were on level 1 of the Dungeon.
You visited 1 branch of the dungeon, and saw 1 of its levels.

You collected 7 gold pieces.


   Skills:
 * Level 0.9 Short Blades
 - Level 1.7 Dodging
 + Level 2.6 Stealth
 + Level 2.0 Spellcasting
 * Level 3.0 Hexes


You had 4 spell levels left.
You didn't know any spells.
Your spell library contained the following spells:

 Spells                   Type           Power      Damage    Failure   Level
 Ensorcelled Hibernation  Hex/Ice        12%        N/A       17%         2
 Confusing Touch          Hex            11%        N/A       19%         3
 Tukima's Dance           Hex            11%        N/A       19%         3
 Dazzling Flash           Conj/Hex       12%        N/A       32%         3

Inventory:

Hand Weapons
 a - a +1 dagger (weapon)
Missiles
 d - 4 stones
Armour
 b - a +0 robe (worn)
Jewellery
 C - a ring of ice
   (You found it on level 1 of the Dungeon)
Scrolls
 e - a scroll of immolation {unknown}
 f - a scroll of identify {unknown}
Potions
 c - 2 potions of invisibility

Dungeon Overview and Level Annotations

Branches:
Dungeon (1/15) Zot: 5892

Altars:

# .........#...## #
#..PPP.P....... #
#.PP.PPPP....# #
#.P....PP....#
r.PP..P.P....# #
#.P.......##.#.#
...gP.gP.......#########
#..PP.B@....?# ##.......
..........######.#.#####
...#............###.#
.....#####.#####.#.##
#.#. #.# ##.## # # #.#
### #.# #.# ..#


You could see a gnoll (unable to see you), a quokka (wandering, unable to see
you), a giant cockroach (unable to see you) and a hobgoblin (unable to see you).


Message History

Lua error: /dgldir/rcfiles/crawl-git/kae.rc:525: unexpected symbol near '#' 🤖 Initializing magus.rc ...
Bad monster_list_colour key: strict_neutral Bad channel name 'pray' for runrest: 'pray:' Options error: Missing colour in message_colour setting: 'that.*feels deathly cold' Options error: Missing colour in message_colour setting: 'and you must be Full or above to equip it' Options error: Missing colour in message_colour setting: 'but rights himself reflexively soon after' Options error: Missing colour in message_colour setting: 'before it is too late' ✅ Successfully initialized magus.rc [v1.11.3] Welcome, kae the Demonspawn Enchanter.
Will you prevail where others failed? Will you find the Orb of Zot?
Press ? for a list of commands and other information.
Found a ruby ring.
Found a staircase leading out of the dungeon.
C - a ring of ice
There is a staircase leading out of the dungeon here.
You open the door.
There is an open door here.
d - 4 stones You now have 7 gold pieces.
You open the door.
There is an open door here.
A goblin comes into view. It is wielding a +0 dagger.
A goblin is nearby!
A goblin is nearby!
Okay, then.
The helpless goblin fails to defend itself.
You puncture the goblin!
You kill the goblin!
Things that are here:
a +0 dagger; a goblin corpse
c - 3 potions of invisibility (gained 1)
e - a scroll labelled XOFOUQIWIXA
f - a scroll labelled ENTIPR JAWO A gnoll comes into view.
It is wielding a +0 whip.
A gnoll is nearby!
A gnoll is nearby!
A giant cockroach comes into view.
The gnoll shouts!
You hear a shout!
You hit the gnoll. You hit the gnoll but do no damage.
A hobgoblin comes into view.
The gnoll hits you with a +0 whip!
Ouch! That really hurt!
* * * LOW HITPOINT WARNING * * *
😨 HP[-7]
You take 7 damage, and now have 6/13 hp.
MASSIVE DAMAGE!! (PAUSE)
You fade into invisibility!
The gnoll barely misses you. The giant cockroach barely misses you.
Unknown command.
You barely miss the gnoll. The giant cockroach bites you.
* * * LOW HITPOINT WARNING * * *
The gnoll barely misses you.
A quokka comes into view.
The giant cockroach barely misses you. 😨 HP[-1]
You take 1 damage, and now have 5/13 hp.
You hit the gnoll. The gnoll hits you with a +0 whip.
You die...

Action                     || total
---------------------------++-------
  Melee: Dagger            ||     5
    Use: Potion            ||     1
   Stab: Sleeping          ||     1
 Armour: Robe              ||     3
  Dodge: Dodged            ||     4

Levels and vault maps discovered:
D:1:      dpeg_arrival_rooms_b, layout_loops_cross,
          chequers_ecumenical_altar_grove, nicolae_grassy_gnolls

Notes
Turn   | Place    | Note
-------+----------+-------------------------------------------
     0 | D:1      | kae the Demonspawn Enchanter began the quest for the Orb.
     0 | D:1      | Reached XP level 1. HP: 13/13 MP: 3/3
     0 | D:1      | magus.rc [v1.11.3]
   107 | D:1      | Slain by a gnoll

Vanquished Creatures
  A goblin (D:1)
1 creature vanquished.

Table legend:
 A = Non-vault XP
 B = Vault XP
 C = Vault XP percentage of total XP
 D = Non-vault monster count
 E = Vault monster count
 F = Vault count percentage of total count
                 A         B        C        D         E       F
            +---------+---------+-------+---------+---------+-------
      Total |       1 |       0 |   0.0 |       1 |       0 |   0.0
            +---------+---------+-------+---------+---------+-------
        D:1 |       1 |       0 |   0.0 |       1 |       0 |   0.0
            +---------+---------+-------+---------+---------+-------

Action                     || total
---------------------------++-------
  Melee: Dagger            ||     5
    Use: Potion            ||     1
   Stab: Sleeping          ||     1
 Armour: Robe              ||     3
  Dodge: Dodged            ||     4

Illustrated notes

Table legend:
 A = Kills in this place as a percentage of kills in the entire game.
 B = Kills by you in this place as a percentage of kills by you in the entire game.
 C = Kills by friends in this place as a percentage of kills by friends in the entire game.
 D = Other kills in this place as a percentage of other kills in the entire game.
 E = Experience gained in this place as a percentage of experience gained in the entire game.
 F = Experience gained in this place divided by the number of levels of this place that you have seen.
                   A       B       C       D       E      F
               +-------+-------+-------+-------+-------+----------------------
         Total | 100.0 | 100.0 |   N/A |   N/A | 100.0 |   1.0
       Dungeon | 100.0 | 100.0 |   N/A |   N/A | 100.0 |   1.0
               +-------+-------+-------+-------+-------+----------------------

Table legend: (Time is in decaauts)
 A = Elapsed time spent in this place.
 B = Non-inter-level travel time spent in this place.
 C = Inter-level travel time spent in this place.
 D = Time resting spent in this place.
 E = Time spent auto-exploring this place.
 F = Levels seen in this place.
 G = Mean time per level.
                   A        B        C        D        E       F      G
               +--------+--------+--------+--------+--------+-----+--------+
         Total |    106 |    106 |      0 |      0 |     89 |   1 |  106.0 |
       Dungeon |    106 |    106 |      0 |      0 |     89 |   1 |  106.0 |
               +--------+--------+--------+--------+--------+-----+--------+

Top non-repeatable levels by time:
     D:1: 106 daAuts
